 Dungeon Crawl Stone Soup version 0.27.1-34-g3ba077fa99 (webtiles) character file.

Game seed: 17299180990415169192

48 cbfl8 the Covered (level 3, -3/33 HPs)
             Began as a Minotaur Fighter on Jan 13, 2022.
             Slain by a gnoll (4 damage)
             ... on level 2 of the Dungeon.
             The game lasted 00:03:07 (981 turns).

cbfl8 the Covered (Minotaur Fighter)                 Turns: 981, Time: 00:03:07

Health: -3/33      AC:  7    Str: 20    XL:     3   Next: 50%
Magic:  2/2        EV:  7    Int: 11    God:
Gold:   79         SH:  9    Dex: 10    Spells: 2/2 levels left

rFire    . . .     SeeInvis .   a - +0 war axe
rCold    . . .     Faith    .   c - +0 kite shield
rNeg     . . .     Spirit   .   b - +0 scale mail
rPois    .         Reflect  .   (helmet restricted)
rElec    .         Harm     .   (no cloak)
rCorr    .         Rampage  .   (no gloves)
Will     .....                  (no boots)
Stlth    ..........             (no amulet)
HPRegen  0.11/turn              m - +6 ring of intelligence
MPRegen  0.08/turn              (no ring)

@: no status effects
A: horns 2, retaliatory headbutt
a: no special abilities


You were on level 2 of the Dungeon.
You visited 1 branch of the dungeon, and saw 2 of its levels.

You collected 79 gold pieces.

Inventory:

Hand Weapons
 a - a +0 war axe (weapon)
 f - a +0 club
Missiles
 g - 51 stones (quivered)
Armour
 b - a +0 scale mail (worn)
 c - a +0 kite shield (worn)
 i - a +0 helmet
Jewellery
 m - a +6 ring of intelligence (left hand)
Scrolls
 h - a scroll of identify {unknown}
 j - a scroll of holy word {unknown}
Potions
 d - a potion of might
 e - 2 potions of flight {unknown}
 k - 2 potions of degeneration {unknown}
 l - a potion of resistance {unknown}
 n - a potion of attraction {unknown}


   Skills:
 + Level 4.1 Fighting
 + Level 3.4 Axes
 + Level 4.1 Armour
 + Level 4.0 Shields


You had 2 spell levels left.
You didn't know any spells.
Your spell library was empty.

Dungeon Overview and Level Annotations

Branches:
Dungeon (2/15)

Altars:


Innate Abilities, Weirdness & Mutations

You have a pair of horns on your head.
You reflexively headbutt those who attack you in melee.


Message History

You closely miss the gnoll.
The gnoll shouts!
You headbutt the gnoll.
The gnoll is heavily wounded.
You hear an angry hiss.
The gnoll hits you but does no damage. You block the gnoll's attack.
You slash the gnoll!
You kill the gnoll!
Your Fighting skill increases to level 4!
You block the gnoll's attack.
You see here a +0 flail.
You slash the gnoll! You headbutt the gnoll.
You kill the gnoll!
Things that are here:
a +0 whip; a gnoll corpse A gnoll comes into view.
It is wielding a +0 spear.
An endoplasm and a gnoll come into view.
The gnoll shouts!
The gnoll hits you with a +0 spear.
The gnoll hits you from afar with a +0 spear.
Things that are here:
a +0 whip; a gnoll corpse You see here a +0 flail.
You see here 12 gold pieces.
The gnoll hits you with a +0 spear!
You see here 12 gold pieces.
You hit the gnoll.
The gnoll is heavily wounded.
You block the gnoll's attack. The endoplasm hits you.
* * * LOW HITPOINT WARNING * * *
You hit the gnoll. You headbutt the gnoll.
The gnoll is almost dead.
You hit the endoplasm but do no damage.
The gnoll hits you from afar with a +0 halberd.
* * * LOW HITPOINT WARNING * * *
The endoplasm hits you but does no damage.
The gnoll hits you with a +0 spear.
* * * LOW HITPOINT WARNING * * *
The gnoll hits you from afar with a +0 halberd.
You die...

.....# # ##'###.#
#.....# ##..############
................
..........######
##........#
##........##############
................@.g)...#
##..............gJ####.#
################.# .#
#.# .. #.# .J# #.# #..
#.# g.# #.# ..# #.#


You could see 2 gnolls and an endoplasm.

Vanquished Creatures
  2 gnolls (D:2)
  A dart slug (D:2)
  An endoplasm (D:1)
  A giant cockroach (D:1)
  2 goblins (D:1)
  A hobgoblin (D:1)
  7 jackals (D:1)
  2 kobolds (D:1)
  3 quokkas
  A ball python (D:1)
  A bat (D:1)
  A frilled lizard (D:2)
  A rat (D:1)
24 creatures vanquished.

Notes
Turn   | Place    | Note
-------+----------+-------------------------------------------
     0 | D:1      | cbfl8 the Minotaur Fighter began the quest for the Orb.
     0 | D:1      | Reached XP level 1. HP: 19/19 MP: 0/0
   136 | D:1      | Reached XP level 2. HP: 27/27 MP: 1/1
   927 | D:2      | Reached XP level 3. HP: 33/33 MP: 2/2
   981 | D:2      | HP: 1/33 [gnoll (3)]
   981 | D:2      | Slain by a gnoll

Illustrated notes

Levels and vault maps discovered:
D:1:      eino_arrival_cavern_c, layout_basic
D:2:      layout_basic, basic_ecumenical_altar, serial_shops,
          nicolae_diamond_shop, uniq_terence

Skill      XL: |  1  2  3 |
---------------+----------+-----
Shields        | 4 |  4.0
Armour         | 4 |  4.1
Axes           | 3 |  3.4
Fighting       | 4 |  4.1

Action                   || total
-------------------------++-------
Melee: War axe           ||    52
       Headbutt          ||     9
Armor: Scale mail        ||    24
Dodge: Dodged            ||    18
Block: Kite shield       ||    40
